 Dungeon Crawl Stone Soup version 0.24.1 (webtiles) character file.

Game seed: 2845925770956462643, levelgen mode: deterministic

142 Doot the Poker (level 5, -1/42 HPs)
             Began as a Merfolk Abyssal Knight on Apr 3, 2020.
             Was a Believer of Lugonu.
             Killed by nerve-wracking pain
             ... invoked by an orc priest
              (12 damage)
             ... on level 3 of the Dungeon.
             The game lasted 00:07:37 (2953 turns).

Doot the Poker (Merfolk Abyssal Knight)             Turns: 2953, Time: 00:07:37

Health: -1/42      AC:  7    Str: 14    XL:     5   Next: 25%
Magic:  6/6        EV: 13    Int: 11    God:    Lugonu [**....]
Gold:   151        SH:  0    Dex: 13    Spells: 4/4 levels left

rFire    . . .     SeeInvis .   a - +1 spear
rCold    . . .     Gourm    .   (no shield)
rNeg     . . .     Faith    .   j - +2 leather armour {rPois}
rPois    +         Spirit   .   m - +1 hat
rElec    .         Reflect  .   l - +0 cloak
rCorr    .         Harm     .   (no gloves)
MR       .....                  (no boots)
Stlth    +.........             (no amulet)
HPRegen  0.14/turn              (no ring)
MPRegen  0.10/turn              (no ring)

@: no status effects
A: change form in water, swift swim, stealthy swim
a: Depart the Abyss, Bend Space, Renounce Religion


You were on level 3 of the Dungeon.
You worshipped Lugonu.
Lugonu was pleased with you.
You were not hungry.

You visited 1 branch of the dungeon, and saw 3 of its levels.
You visited the Abyss 1 time.

You collected 151 gold pieces.

Inventory:

Hand Weapons
 a - a +1 spear (weapon)
Missiles
 p - a throwing net (quivered)
Armour
 b - a +0 leather armour
 j - a +2 leather armour of poison resistance (worn)
 l - a +0 cloak (worn)
 m - a +1 hat (worn)
Jewellery
 i - an uncursed amulet of regeneration {unknown}
Scrolls
 e - 6 scrolls of identify {unknown}
 g - 2 scrolls of enchant weapon {unknown}
 h - a scroll of random uselessness {unknown}
 n - a scroll of fog {unknown}
 r - a scroll of teleportation {unknown}
Potions
 d - a potion of curing {unknown}
 f - a potion of might {unknown}
 k - a potion of degeneration {unknown}
 q - a potion of haste {unknown}
Comestibles
 c - 7 rations
 o - 4 chunks of flesh


   Skills:
 + Level 4.2 Fighting
 + Level 5.1 Polearms
 + Level 1.3 Armour
 + Level 4.0 Dodging
 + Level 0.7 Stealth
 + Level 2.1 Invocations


You had 4 spell levels left.
You didn't know any spells.
Your spell library was empty.

Dungeon Overview and Level Annotations

Branches:
Dungeon (3/15)

Altars:
Elyvilon


Message History

You barely miss the orc priest.
The orc priest is heavily wounded.
The orc misses you. The orc priest hits you.
You hit the orc priest.
The orc priest is almost dead.
The orc hits you.
Your leather armour prevents you from hitting the orc priest.
The orc priest is almost dead.
The orc priest barely misses you. The orc hits you but does no damage.
You closely miss the orc priest.
The orc priest is almost dead.
The orc priest calls down the wrath of Beogh upon you.
Pain shoots through your body!
* * * LOW HITPOINT WARNING * * *
The orc misses you.
You barely miss the orc priest.
The orc priest is almost dead.
The orc priest calls down the wrath of Beogh upon you.
Pain shoots through your body!
You die...

..#.# .#.# ...# ..#
... #####.#####
#....o....# #.###@#
.... #<..o)# .......
#.#.#.# ... ..#.#
#.#.# ####.###.#.# #
#.# ........... #.#
.....###.#######.#
.................# .
.................#....


You could see an orc priest and an orc.

Vanquished Creatures
  4 gnolls (D:3)
  2 adders (D:2)
  An ooze (D:1)
  A worm (D:2)
  4 dart slugs
  3 leopard geckos
  2 orcs (D:3)
  5 giant cockroaches
  6 goblins
  A hobgoblin (D:1)
  10 jackals (D:1)
  2 quokkas (D:2)
  6 bats
  7 frilled lizards
  6 kobolds
  9 rats
69 creatures vanquished.

Notes
Turn   | Place    | Note
-------+----------+-------------------------------------------
     0 | Abyss:1  | Doot the Merfolk Abyssal Knight began the quest for the
                  | Orb.
     0 | Abyss:1  | Reached XP level 1. HP: 18/18 MP: 2/2
    42 | Abyss:1  | Found a corrupted altar of Lugonu.
    59 | D:1      | Escaped the Abyss
   146 | D:1      | Reached XP level 2. HP: 22/24 MP: 3/3
   528 | D:1      | Reached skill level 1 in Armour
   528 | D:1      | Reached XP level 3. HP: 19/30 MP: 4/4
   555 | D:1      | Reached ** piety under Lugonu
  1372 | D:2      | Reached skill level 4 in Polearms
  1372 | D:2      | Reached XP level 4. HP: 22/37 MP: 5/5
  1618 | D:2      | Found a white marble altar of Elyvilon.
  2344 | D:3      | Reached XP level 5. HP: 22/42 MP: 6/6
  2419 | D:3      | Reached skill level 5 in Polearms
  2953 | D:3      | Killed from afar by an orc priest

Levels and vault maps discovered:
D:1:      kilobyte_arrival_exit_the_forest, layout_basic
D:2:      layout_loops_ring, elyvilon_altar_1, first_ration,
          minmay_misc_feat_doors
D:3:      layout_basic, uniq_ijyb

Skill      XL: |  1  2  3  4  5 |
---------------+----------------+-----
Dodging        | 3 4 |  4.0
Armour         | 1 |  1.3
Fighting       | 4 |  4.2
Polearms       | 4 5 |  5.1
Stealth        | |  0.7
Invocations    | |  2.1

Action                   |  1- 3 |  4- 6 || total
-------------------------+-------+-------++-------
Melee: Spear             |   158 |   146 ||   304
 Stab: Sleeping          |     1 |     3 ||     4
  Eat: Chunk             |     1 |     6 ||     7
Armor: Leather armour    |    35 |    28 ||    63
Dodge: Dodged            |   107 |    75 ||   182
